Map: [ESL] Royal Blood

Players

Reynor - Winner!

  • Race: Zerg Zerg
  • Spawn Location: 1:00

Hellraiser

  • Race: Protoss Protoss
  • Spawn Location: 7:00

Event: ESL SC2 Masters 2023 Summer (Regionals)

VOD

Have the link to the VOD?

Description

Time

  • Played on: May 7, 2023, 10:23 a.m.
  • Length: 5:57

All games in this series

Show
View Real Time Build Order
Export as new Build Order

Reynor Zerg - Winner!

Build Orders: Hatch First, Ravager All-In 

Get SALT Encoding   

  12  0:00  Drone  
  13  0:12  Overlord  
  13  0:17  Drone  
  14  0:30  Drone x2  
  16  0:48  Hatchery  
  15  0:51  Drone  
  15  0:55  Drone  
  17  0:58  Drone  
  18  1:09  Extractor  
  17  1:14  Spawning Pool  
  17  1:17  Drone  
  17  1:20  Drone  
  18  1:27  Drone  
  19  1:39  Drone  
  20  1:54  Extractor  
  20  2:01  Roach Warren  
  18  2:02  Zergling x2  
  18  2:03  Drone x2, Queen  
  23  2:10  Overlord  
  23  2:15  Drone  
  24  2:36  Overlord  
  24  2:41  Roach x3  
  24  2:43  Roach  
  32  2:47  Roach  
  34  3:02  Ravager x2  
  34  3:03  Ravager  
  37  3:06  Drone  
  37  3:09  Queen  
  40  3:13  Overlord  
  40  3:17  Ravager  
  41  3:24  Roach  
  43  3:35  Ravager  
  43  3:40  Zergling x6  
  46  3:43  Overlord  
  46  3:51  Ravager  
  46  3:55  Roach  
  49  3:56  Queen  
  49  4:01  Overlord  
  51  4:05  Roach  
  48  4:15  Ravager  
  48  4:16  Roach  
  50  4:24  Zergling x4  
  50  4:25  Zergling x4  
  54  4:33  Ravager  
  54  4:36  Overlord  
  55  4:43  Ravager  
  57  4:45  Zergling x4  
  56  4:54  Roach  
  56  4:56  Zergling x2  
  55  5:01  Roach  
  57  5:12  Roach x2  
  55  5:17  Roach  
  55  5:20  Roach  
  49  5:29  Roach  
  49  5:30  Zergling x2  
  49  5:39  Zergling x2  
  49  5:41  Ravager  
  50  5:47  Ravager  
Show
View Real Time Build Order
Export as new Build Order

Hellraiser Protoss 

Build Orders:  

Get SALT Encoding   

  12  0:00  Probe (Chrono Boost)  
  13  0:10  Probe (Chrono Boost)  
  14  0:15  Probe (Chrono Boost)  
  15  0:22  Pylon  
  15  0:42  Forge  
  15  0:43  Probe  
  16  0:52  Pylon  
  16  0:55  Probe  
  17  1:12  Gateway  
  17  1:14  Probe  
  17  1:16  Photon Cannon  
  18  1:26  Probe  
  18  1:27  Assimilator  
  19  1:38  Probe  
  20  1:40  Photon Cannon  
  20  1:50  Probe  
  21  1:58  Cybernetics Core  
  21  2:05  Assimilator  
  21  2:14  Photon Cannon  
  21  2:19  Pylon  
  21  2:37  Robotics Facility  
  21  2:39  Shield Battery  
  21  2:41  Stalker (Chrono Boost)  
  23  2:47  Photon Cannon  
  23  2:51  Shield Battery  
  23  3:04  Stalker  
  25  3:09  Photon Cannon  
  25  3:18  Shield Battery  
  25  3:29  Immortal (Chrono Boost)  
  29  3:40  Pylon  
  29  3:53  Photon Cannon  
  29  4:06  Immortal (Chrono Boost)  
  33  4:16  Shield Battery  
  33  4:26  Shield Battery  
  33  4:29  Pylon  
  33  4:42  Immortal  
  37  5:02  Shield Battery  
  37  5:06  Shield Battery  
  37  5:09  Photon Cannon  
Tags
 
Add a new tag
Caveats
  • Supply blocks, unpowered buildings, or Contaminate may cause inaccurate times.
  • Supply counts are checked every 10 seconds.